Map: Pillars of Gold LE

Players

Lambo - Winner!

  • Race: Zerg Zerg
  • League: Grandmaster
  • Spawn Location: 1:00

HellraiseR

  • Race: Protoss Protoss
  • League: Grandmaster
  • Spawn Location: 7:00

Event: DreamHack SC2 Masters 2020 Summer Europe

VOD

Have the link to the VOD?

Description

Time

  • Played on: June 27, 2020, 11:37 a.m.
  • Length: 8:33

All games in this series

Show
View Real Time Build Order
Export as new Build Order

Lambo Zerg - Winner!

Build Orders: Hatch First 

Get SALT Encoding   

  12  0:00  Drone  
  13  0:12  Overlord  
  13  0:18  Drone  
  14  0:30  Drone x2  
  16  0:44  Drone  
  17  0:53  Hatchery  
  17  0:56  Drone  
  17  1:00  Drone  
  18  1:10  Extractor  
  17  1:14  Spawning Pool  
  17  1:18  Drone  
  17  1:22  Drone  
  18  1:29  Drone  
  19  1:43  Drone  
  20  1:51  Overlord  
  20  2:01  Queen  
  20  2:05  Queen  
  20  2:06  Zergling x4  
  26  2:12  Drone  
  27  2:15  Drone  
  27  2:21  Drone  
  29  2:25  Metabolic Boost  
  29  2:26  Drone  
  30  2:32  Drone  
  31  2:42  Hatchery  
  30  2:45  Drone  
  30  2:50  Drone  
  32  2:52  Overlord  
  32  2:56  Drone  
  33  2:58  Drone  
  33  3:05  Drone  
  35  3:11  Drone  
  36  3:15  Drone x3  
  37  3:21  Queen  
  37  3:24  Drone, Overlord  
  40  3:30  Drone  
  41  3:34  Zergling x2  
  42  3:42  Spore Crawler  
  42  3:43  Drone  
  42  3:47  Drone  
  43  3:49  Drone  
  43  3:50  Drone x2  
  43  3:52  Drone  
  43  3:54  Drone  
  43  3:55  Drone  
  49  3:57  Queen  
  51  4:05  Spore Crawler  
  51  4:06  Spore Crawler, Queen  
  51  4:08  Drone x3  
  54  4:13  Overlord  
  54  4:20  Drone x4  
  54  4:22  Overlord  
  58  4:24  Roach Warren  
  58  4:27  Spore Crawler  
  55  4:32  Drone x4  
  55  4:36  Lair  
  55  4:38  Drone, Overlord  
  61  4:40  Overlord  
  61  4:45  Drone x2  
  63  4:48  Overlord  
  63  4:49  Queen  
  63  4:51  Drone  
  66  4:53  Drone, Extractor  
  66  4:54  Extractor  
  66  4:55  Overlord  
  66  4:57  Drone  
  66  5:01  Drone x2  
  66  5:02  Drone  
  69  5:09  Overlord  
  69  5:12  Evolution Chamber  
  68  5:14  Zergling x2  
  68  5:15  Zergling x6  
  68  5:18  Extractor  
  68  5:19  Extractor  
  70  5:23  Zergling x6  
  70  5:24  Drone x3  
  70  5:25  Drone x2  
  70  5:28  Queen  
  80  5:33  Overlord  
  80  5:34  Overlord  
  80  5:35  Drone  
  81  5:39  Overlord  
  81  5:41  Zerg Missile Weapons Level 1  
  81  5:42  Overlord  
  81  5:50  Roach x7  
  81  5:54  Glial Reconstitution  
  93  5:58  Overseer  
  93  6:00  Roach x3  
  99  6:11  Overlord  
  96  6:12  Roach  
  96  6:13  Extractor  
  96  6:16  Roach x2  
  96  6:18  Roach x5  
  110  6:24  Roach x3  
  110  6:25  Roach  
  118  6:35  Roach x5  
  118  6:39  Roach  
  134  6:40  Roach x2  
  134  6:46  Overlord  
  134  6:47  Overlord  
  134  6:49  Overlord  
  134  6:55  Overlord x2  
  134  6:58  Overlord  
  134  6:59  Overlord  
  134  7:02  Overlord  
  134  7:04  Overlord  
  134  7:05  Roach  
  134  7:06  Roach  
  134  7:07  Ravager x2  
  140  7:09  Roach  
  140  7:13  Roach x2  
  140  7:14  Ravager x2  
  140  7:15  Ravager x2  
  150  7:18  Roach x2  
  150  7:21  Roach  
  156  7:23  Queen  
  156  7:28  Ravager  
  156  7:29  Roach x2  
  163  7:30  Overlord  
  163  7:34  Overlord  
  160  7:39  Roach x3  
  160  7:42  Overseer  
  166  7:45  Zergling x10  
  166  7:48  Zergling x4  
  173  7:52  Roach x2  
  174  7:58  Roach  
  174  7:59  Roach x2  
  174  8:02  Roach x3  
  181  8:08  Hydralisk Den  
  181  8:12  Zergling x10  
  174  8:22  Ravager  
Show
View Real Time Build Order
Export as new Build Order

HellraiseR Protoss 

Build Orders: Oracle Opening, Phoenix Opening 

Get SALT Encoding   

  12  0:00  Probe  
  13  0:12  Probe  
  14  0:19  Pylon  
  14  0:24  Probe  
  15  0:33  Probe  
  15  0:41  Probe  
  17  0:52  Probe  
  18  1:06  Nexus  
  18  1:17  Gateway  
  18  1:20  Probe  
  19  1:28  Assimilator, Probe  
  20  1:34  Assimilator  
  20  1:36  Probe  
  20  1:45  Pylon  
  21  1:47  Probe  
  22  1:59  Probe  
  23  2:03  Cybernetics Core  
  23  2:07  Zealot  
  25  2:10  Probe  
  25  2:14  Probe  
  26  2:18  Probe  
  28  2:22  Probe  
  28  2:26  Probe  
  29  2:32  Probe  
  31  2:38  Probe  
  31  2:39  Stalker  
  34  2:44  Probe  
  34  2:50  Stargate  
  35  2:52  Probe  
  35  2:54  Warp Gate  
  36  3:03  Probe  
  37  3:06  Probe  
  38  3:15  Probe  
  38  3:18  Probe  
  40  3:21  Oracle  
  40  3:23  Gateway  
  40  3:27  Probe  
  40  3:28  Pylon  
  40  3:31  Probe  
  45  3:36  Pylon  
  45  3:39  Assimilator  
  46  3:41  Probe  
  46  3:45  Assimilator  
  46  3:46  Probe  
  47  3:50  Phoenix  
  47  3:51  Twilight Council  
  47  3:53  Probe  
  48  4:00  Probe  
  51  4:05  Probe  
  51  4:06  Adept  
  54  4:12  Oracle, Probe  
  55  4:20  Resonating Glaives, Probe  
  59  4:24  Probe  
  60  4:34  Gateway  
  60  4:36  Probe  
  62  4:40  Gateway  
  62  4:41  Gateway  
  61  4:52  Pylon  
  61  4:57  Pylon  
  61  4:59  Probe  
  62  5:10  Adept x2, Oracle  
  69  5:14  Nexus  
  69  5:24  Pylon  
  69  5:30  Adept  
  69  5:31  Adept x2  
  69  5:35  Adept, Pylon  
  77  5:42  Adept, Pylon  
  78  5:52  Adept x2  
  78  5:53  Adept  
  78  5:55  Adept  
  86  5:58  Probe  
  86  5:59  Probe  
  86  6:00  Phoenix  
  86  6:02  Stargate  
  90  6:06  Stargate  
  90  6:13  Probe  
  90  6:17  Phoenix  
  91  6:19  Probe  
  95  6:25  Probe  
  95  6:26  Probe  
  95  6:32  Probe  
  97  6:36  Phoenix  
  97  6:37  Probe  
  97  6:39  Probe  
  97  6:41  Phoenix  
  97  6:42  Assimilator  
  97  6:43  Phoenix  
  97  6:44  Probe  
  97  6:46  Assimilator  
  100  6:49  Probe  
  100  6:51  Probe  
  106  6:56  Phoenix, Probe  
  106  6:57  Shield Battery  
  107  7:03  Phoenix x2, Pylon  
  107  7:06  Probe  
  107  7:07  Probe  
  113  7:10  Probe  
  113  7:15  Pylon  
  116  7:17  Pylon  
  116  7:20  Pylon  
  114  7:24  Phoenix x2, Pylon  
  114  7:29  Phoenix  
  116  7:30  Pylon  
  120  7:41  Shield Battery  
  117  7:49  Zealot  
  119  8:04  Probe, Zealot  
  110  8:07  Zealot  
  110  8:11  Probe x2  
  98  8:16  Probe  
  98  8:17  Adept x2  
Tags
 
Add a new tag
Caveats
  • Supply blocks, unpowered buildings, or Contaminate may cause inaccurate times.
  • Supply counts are checked every 10 seconds.